 Dungeon Crawl Stone Soup version 0.27.1-4-g1640c2035a (webtiles) character file.

Game seed: 16195828077500553416

18 ABBCCCDDDD the Sneak (level 2, -1/27 HPs)
             Began as a Hill Orc Delver on Nov 1, 2021.
             Slain by a sickly merfolk siren (18 damage)
             ... in a sewer.
             The game lasted 00:01:00 (584 turns).

ABBCCCDDDD the Sneak (Hill Orc Delver)               Turns: 584, Time: 00:01:00

Health: -1/27      AC:  3    Str: 14    XL:     2   Next: 70%
Magic:  2/2        EV: 11    Int: 10    God:
Gold:   0          SH:  0    Dex: 12    Spells: 1/1 levels left

rFire    . . .     SeeInvis .   a - +0 hand axe
rCold    . . .     Faith    .   (no shield)
rNeg     . . .     Spirit   .   b - +0 leather armour
rPois    .         Reflect  .   (no helmet)
rElec    .         Harm     .   (no cloak)
rCorr    .         Rampage  .   (no gloves)
Will     .....                  (no boots)
Stlth    ++........             (no amulet)
HPRegen  0.09/turn              (no ring)
MPRegen  0.08/turn              (no ring)

@: hasted, very quick
A: no striking features
a: no special abilities


You were in a sewer.
You visited 1 branch of the dungeon, and saw 2 of its levels.
You also visited: Sewer.

Inventory:

Hand Weapons
 a - a +0 hand axe (weapon)
Armour
 b - a +0 leather armour (worn)
Wands
 g - a wand of digging (3)


   Skills:
 + Level 3.9 Fighting
 * Level 3.6 Axes
 + Level 1.0 Armour
 - Level 1.5 Dodging
 - Level 4.1 Stealth


You had one spell level left.
You didn't know any spells.
Your spell library was empty.

Dungeon Overview and Level Annotations

Branches:
Dungeon (5/15)              Sewer (1/1)
 Temple: D:4-7

Altars:

Annotations:
D:4 Blork the orc, Natasha


Message History

You barely miss the rat. The rat bites you.
You closely miss the rat. The rat bites you. The rat closely misses you.
You barely miss the rat. The rat barely misses you.
You hit the rat.
You kill the rat!
A rat and a giant cockroach come into view.
A ball python comes into view.
The rat misses you.
You closely miss the rat. The rat closely misses you.
You hit the rat.
You kill the rat!
The ball python hisses angrily.
You hear a shout!
An adder comes into view.
A sickly merfolk siren comes into view.
It is wielding a +1 trident of venom. 2 rats come into view.
Found 13 gold pieces.
The rat moves out of view.
You see here a rat corpse.
The sickly merfolk siren chants a haunting song.
You are mesmerised by the sickly merfolk siren!
You cannot move away from the sickly merfolk siren!
You hit the rat.
You kill the rat!
The sickly merfolk siren chants its luring song.
The adder hisses angrily.
You hit the ball python but do no damage.
The ball python bites you. The ball python barely misses you.
The sickly merfolk siren chants its luring song.
Okay, then.
Okay, then.
As you read the scroll of fog, it crumbles to dust.
The scroll dissolves into smoke.
You break out of your daze!
The ball python misses you. The ball python grabs you.
The ball python constricts you.
You escape the ball python's grasp.
You feel yourself speed up. The adder closely misses you.
You closely miss the adder. The adder bites you.
The sickly merfolk siren hits you from afar with a +1 trident of venom!!
Ouch! That really hurt!
You die...

## ...# ≈≈...
≈≈Br..#######
≈≈≈≈m.S§§§m§#
≈≈≈≈≈≈§§§##S#
###r###§§§#@# #### ..
###§§§#############..#
$ #§§§≈≈≈≈≈≈≈≈≈≈≈..≈÷.
##########≈≈≈≈≈≈≈≈≈≈
#############
#∩∩≈≈≈≈.†....
###≈≈≈.###### ##≈.##
####


You could see a sickly merfolk siren and an adder.

Levels and vault maps discovered:
D:4:      layout_cave_pools, serial_shops, nicolae_shop_trees,
          gup_sewer_entry_glass, uniq_natasha, uniq_blork_the_orc
D:5:      layout_basic, elyvilon_altar_5, minmay_temple_entry_enclosed_plants,
          uniq_duvessa
Sewer:    sewer_sea

Notes
Turn   | Place    | Note
-------+----------+-------------------------------------------
     0 | D:5      | ABBCCCDDDD the Hill Orc Delver began the quest for the Orb.
     0 | D:5      | Reached XP level 1. HP: 19/19 MP: 1/1
    16 | D:4      | Noticed a scorpion
    24 | D:4      | Found a glowing drain.
    29 | D:4      | Noticed Blork the orc
    31 | D:4      | Noticed Natasha
    42 | D:4      | Noticed a crimson imp
    43 | D:4      | Noticed a crimson imp
    44 | Sewer    | Entered a sewer
   387 | Sewer    | Reached skill level 1 in Armour
   387 | Sewer    | Reached XP level 2. HP: 21/27 MP: 2/2
   573 | Sewer    | Noticed a sickly merfolk siren
   584 | Sewer    | Slain by a sickly merfolk siren

Table legend: (Time is in decaauts)
 A = Elapsed time spent in this place.
 B = Non-inter-level travel time spent in this place.
 C = Inter-level travel time spent in this place.
 D = Time resting spent in this place.
 E = Time spent auto-exploring this place.
 F = Levels seen in this place.
 G = Mean time per level.
                   A        B        C        D        E       F      G
               +--------+--------+--------+--------+--------+-----+--------+
         Total |    606 |    605 |      1 |    301 |    156 |   3 |  202.0 |
       Dungeon |     45 |     44 |      1 |      0 |      0 |   2 |   22.5 |
         Sewer |    560 |    560 |      0 |    301 |    156 |   1 |  560.0 |
               +--------+--------+--------+--------+--------+-----+--------+

Top non-repeatable levels by time:
   Sewer: 560 daAuts
     D:4: 39 daAuts
     D:5: 6 daAuts

Table legend:
 A = Kills in this place as a percentage of kills in entire the game.
 B = Kills by you in this place as a percentage of kills by you in the entire game.
 C = Kills by friends in this place as a percentage of kills by friends in the entire game.
 D = Other kills in this place as a percentage of other kills in the entire game.
 E = Experience gained in this place as a percentage of experience gained in the entire game.
 F = Experience gained in this place divided by the number of levels of this place that you have seen.
                   A       B       C       D       E      F
               +-------+-------+-------+-------+-------+----------------------
         Total | 100.0 | 100.0 |   N/A |   N/A | 100.0 |   9.0
         Sewer | 100.0 | 100.0 |   N/A |   N/A | 100.0 |  27.0
               +-------+-------+-------+-------+-------+----------------------

Action                   || total
-------------------------++-------
Melee: Hand axe          ||    43
  Use: Scroll            ||     3
       Potion            ||     1
 Stab: Sleeping          ||     1
Armor: Leather armour    ||    11
Dodge: Dodged            ||    30

Vanquished Creatures
  An adder (Sewer)
  A ball python (Sewer)
  A frilled lizard (Sewer)
  10 rats (Sewer)
13 creatures vanquished.
